 Dungeon Crawl Stone Soup version 0.29-a0-1043-g569b05d6ff (webtiles) character file.

Game seed: 9240963469025708263

77 Zeldest the Cutter (level 4, -1/40 HPs)
             Began as a Meteoran Monk on Aug 16, 2022.
             Constricted to death by Ijyb (3 damage)
             ... on level 3 of the Dungeon.
             The game lasted 00:04:46 (787 turns).

Zeldest the Cutter (Meteoran Monk)                   Turns: 787, Time: 00:04:47

Health: -1/40      AC:  5    Str: 15    XL:     4   Next: 91%
Magic:  5/5        EV: 10    Int: 15    God:
Gold:   57         SH:  0    Dex: 16    Spells: 2/3 levels left

rFire   . . .      SeeInvis .   a - +0 short sword
rCold   . . .      Faith    .   (no shield)
rNeg    . . .      Spirit   .   b - +0 robe
rPois   +          Reflect  .   (no helmet)
rElec   .          Harm     .   (no cloak)
rCorr   .          Rampage  .   (no gloves)
Will    .....      Clarity  +   k - +0 pair of boots
Stlth   +.........              (no amulet)
HPRegen 0.13/turn               i - ring of poison resistance
MPRegen 0.09/turn               n - ring of flight

@: grasped by roots, flying, glowing, constricted
A: sense surroundings 1, otherworldly, glowing, explore regen, iridescent scales
1, clarity, clever 1, strong 1
a: no special abilities


You were on level 3 of the Dungeon.
You visited 1 branch of the dungeon, and saw 3 of its levels.

You collected 57 gold pieces.

Inventory:

Hand Weapons
 a - a +0 short sword (weapon)
 d - a +0 dagger
Armour
 b - a +0 robe (worn)
 k - a +0 pair of boots (worn)
Jewellery
 i - a ring of poison resistance (left hand)
 n - a ring of flight (right hand)
Scrolls
 c - a scroll of enchant weapon {unknown}
 f - a scroll of enchant armour {unknown}
 g - 2 scrolls of identify {unknown}
Potions
 e - a potion of mutation
 h - a potion of heal wounds {unknown}
 l - a potion of curing {unknown}
 m - a potion of brilliance {unknown}


   Skills:
 + Level 3.9 Fighting
 + Level 3.9 Short Blades
 - Level 3.8 Dodging
 + Level 2.1 Stealth
 - Level 0.2 Spellcasting
 + Level 1.7 Translocations


You had 2 spell levels left.
You knew the following spells:

 Your Spells              Type           Power      Damage    Failure   Level
a - Apportation           Tloc           10%        N/A       13%         1

Your spell library contained the following spells:

 Spells                   Type           Power      Damage    Failure   Level
 Magic Dart               Conj           0%         1d3       26%         1
 Searing Ray              Conj           0%         2d4       38%         2
 Gell's Gravitas          Tloc           5%         N/A       36%         3
 Teleport Other           Tloc           5%         N/A       36%         3
 Conjure Flame            Conj/Fire      0%         6-21      63%         3
 Ignite Poison            Fire/Tmut/Pois 0%         N/A       63%         3
 Fulminant Prism          Conj/Hex       0%         3d6       95%         4
 Sticky Flame             Conj/Fire      0%         2d3       95%         4
 Alistair's Intoxication  Tmut/Pois      0%         N/A       100%        5
 Dispersal                Tloc           2%         N/A       100%        6


Dungeon Overview and Level Annotations

Branches:
Dungeon (3/15) Zot: 1023

Altars:

Annotations:
D:3 Ijyb, Natasha


Innate Abilities, Weirdness & Mutations

You passively map a small area around you.
You are easily found by Zot.
You glow in the dark.
You regain HP and MP as you explore.
You are partially covered in iridescent scales. (AC +2)
You possess an exceptional clarity of mind.
Your mind is acute. (Int +4, Str/Dex -1)
Your muscles are strong. (Str +4, Int/Dex -1)


Message History

You hit Ijyb but do no damage.
Ijyb is lightly wounded.
Ijyb barely misses you.
You completely miss Ijyb.
Ijyb is lightly wounded.
Ijyb hits you with a +0 club.
You hit Ijyb.
Ijyb is moderately wounded.
Ijyb hits you but does no damage.
You hit Ijyb but do no damage.
Ijyb is moderately wounded.
Ijyb zaps a wand.
The roots erupt in riotous growth!
The grasping roots grab you!
Ijyb is unaffected.
The grasping roots constrict you.
You hit Ijyb but do no damage.
Ijyb is moderately wounded.
Ijyb hits you with a +0 club. The grasping roots constrict you.
You barely miss Ijyb.
Ijyb is moderately wounded.
Natasha, Servant of Life and Death comes into view.
Ijyb misses you. The grasping roots constrict you.
* * * LOW HITPOINT WARNING * * *
Okay, then.
It was a potion of mutation.
You feel extremely strange.
Your thoughts seem clearer.
Iridescent scales grow over part of your body.
You feel clever.
You feel stronger. Natasha casts a spell at you. The magic dart hits you!
* * * LOW HITPOINT WARNING * * *
Ijyb misses you. The grasping roots constrict you.
* * * LOW HITPOINT WARNING * * *
The grasping roots release their grip on you.
Okay, then.
It was a potion of flight.
You feel more buoyant.
Ijyb zaps a wand.
The roots erupt in riotous growth!
The grasping roots grab you!
Ijyb is unaffected.
The grasping roots constrict you.
You die...

, .......
................(... ,
.........
.....#......†..##### *
...................#..#..#
,
....####.................#
* #..###.#....#.....# ## ,
, .....#.#..........# #.
#................# #. , ,
#.###............# #.
#.@##...#.....# #. *
#.g##...).....# ## , , ,,
....###..#.....# #.##..#
#........# ..
,........#..#..#### ,.h
..................# * .
##... ......#..##.# * ,
..<..............# * *
......#..##.##


You could see Ijyb and Natasha.

Vanquished Creatures
  An orc priest (D:2)
  An adder (D:3)
  2 dart slugs
  2 orcs (D:2)
  2 ball pythons
  A bat (D:2)
  An endoplasm (D:3)
  2 giant cockroaches
  A goblin (D:1)
  3 hobgoblins
  3 jackals (D:1)
  5 kobolds
  2 quokkas (D:3)
  2 frilled lizards
  4 rats
32 creatures vanquished.

Notes
Turn   | Place    | Note
-------+----------+-------------------------------------------
     0 | D:1      | Zeldest the Meteoran Monk began the quest for the Orb.
     0 | D:1      | Reached XP level 1. HP: 19/19 MP: 2/2
   106 | D:1      | Reached XP level 2. HP: 10/26 MP: 3/3
   142 | D:1      | Learned a level 1 spell: Apportation
   312 | D:2      | Reached XP level 3. HP: 31/31 MP: 4/4
   373 | D:2      | Reached skill level 1 in Translocations
   373 | D:2      | Reached XP level 4. HP: 12/40 MP: 5/5
   772 | D:3      | Noticed Ijyb
   785 | D:3      | Noticed Natasha
   786 | D:3      | Gained mutation: You possess an exceptional clarity of
                  | mind. [potion of mutation]
   786 | D:3      | Gained mutation: You are partially covered in iridescent
                  | scales. (AC +2) [potion of mutation]
   786 | D:3      | Gained mutation: Your mind is acute. (Int +4, Str/Dex -1)
                  | [potion of mutation]
   786 | D:3      | Gained mutation: Your muscles are strong. (Str +4, Int/Dex
                  | -1) [potion of mutation]
   786 | D:3      | HP: 1/40 [constriction (2)]
   787 | D:3      | Constricted to death by Ijyb

Illustrated notes

Levels and vault maps discovered:
D:1:      lightli_arrival_windingriver, layout_basic,
          hellmonk_ecumenical_altar_run_dry
D:2:      layout_loops_corners
D:3:      minmay_thinvault, layout_basic, minmay_cupped, uniq_ijyb, uniq_natasha

Skill      XL: |  1  2  3 |
---------------+----------+-----
Stealth        | 2 |  2.1
Translocations | 1 |  1.7
Fighting       | |  3.9
Short Blades   | |  3.9
Dodging        | |  3.8
Spellcasting   | |  0.2

Action                   |  1- 3 |  4- 6 || total
-------------------------+-------+-------++-------
Melee: Short sword       |    91 |    66 ||   157
       Punch             |     1 |     2 ||     3
  Use: Potion            |     1 |     2 ||     3
Armor: Robe              |    10 |    11 ||    21
Dodge: Dodged            |    51 |    32 ||    83

Table legend: (Time is in decaauts)
 A = Elapsed time spent in this place.
 B = Non-inter-level travel time spent in this place.
 C = Inter-level travel time spent in this place.
 D = Time resting spent in this place.
 E = Time spent auto-exploring this place.
 F = Levels seen in this place.
 G = Mean time per level.
                   A        B        C        D        E       F      G
               +--------+--------+--------+--------+--------+-----+--------+
         Total |    775 |    775 |      0 |      0 |      0 |   3 |  258.3 |
       Dungeon |    775 |    775 |      0 |      0 |      0 |   3 |  258.3 |
               +--------+--------+--------+--------+--------+-----+--------+

Top non-repeatable levels by time:
     D:1: 293 daAuts
     D:2: 275 daAuts
     D:3: 205 daAuts
